 Dungeon Crawl Stone Soup version 0.30-a0-509-gd016549fea (webtiles) character file.

Game seed: 17474224266018398770

2657 Jackthecabe the Conjurer (level 9, -16/67 HPs)
             Began as a Demigod Conjurer on Dec 22, 2022.
             Demolished by a vault guard
             ... wielding a +0 broad axe
              (24 damage)
             ... in a bailey.
             The game lasted 00:11:56 (7856 turns).

Jackthecabe the Conjurer (Demigod Conjurer)         Turns: 7856, Time: 00:11:56

Health: -16/67     AC:  9    Str: 14    XL:     9   Next: 14%
Magic:  1/16       EV: 12    Int: 32    God:
Gold:   300        SH:  0    Dex: 12    Spells: 3/14 levels left

rFire   . . .      SeeInvis .    x - +1 dagger (speed)
rCold   . . .      Faith    .    (no shield)
rNeg    . . .      Spirit   .    a - +0 robe
rPois   .          Reflect  .    (no helmet)
rElec   .          Harm     .    C - +2 cloak
rCorr   .          Rampage  .    (no gloves)
Will    .....                    (no boots)
Stlth   ++........               t - amulet of the acrobat
HPRegen 0.31/turn                S - +6 ring of strength
MPRegen 0.15/turn                T - +4 ring of protection

@: very slightly contaminated
A: high MP 1, forlorn, divine attributes
a: no special abilities


You were in a bailey.
You visited 1 branch of the dungeon, and saw 7 of its levels.
You also visited: Bailey.

You collected 300 gold pieces.


Innate Abilities, Weirdness & Mutations

You have an increased reservoir of magic. (+10% MP)
You shall have no god before yourself.
Your divine heritage dramatically boosts your attributes as you level up.


   Skills:
 - Level 2.0 Fighting
 - Level 1.7 Dodging
 - Level 1.7 Stealth
 - Level 3.0 Spellcasting
 + Level 7.3 Conjurations
 - Level 6.0 Hexes
 - Level 6.0 Translocations
 - Level 3.0 Evocations


You had 3 spell levels left.
You knew the following spells:

 Your Spells              Type           Power      Damage    Failure   Level
f - Fulminant Prism       Conj/Hex       23%        3d12      4%          4
m - Magic Dart            Conj           100%       1d8       1%          1
s - Searing Ray           Conj           100%       2d8       1%          2
X - Iskenderun's Mystic   Conj/Tloc      47%        2d10      4%          4

Your spell library contained the following spells:

 Spells                   Type           Power      Damage    Failure   Level
 Dazzling Flash           Conj/Hex       94%        N/A       1%          3
 Gell's Gravitas          Tloc           43%        N/A       1%          3
 Lesser Beckoning         Tloc           86%        N/A       1%          3
 Teleport Other           Tloc           43%        N/A       1%          3
 Mephitic Cloud           Conj/Pois/Air  20%        N/A       7%          3
 Call Imp                 Summ           4%         N/A       10%         2
 Ozocubu's Armour         Ice            4%         N/A       19%         3
 Ozocubu's Refrigeration  Ice            2%         4d7       100%        7

Inventory:

Hand Weapons
 j - a +2 dagger of holy wrath
 x - a +1 dagger of speed (weapon)
Missiles
 h - 18 poisoned darts
 y - 3 throwing nets {=f}
Armour
 a - a +0 robe (worn)
 C - a +2 cloak (worn)
Jewellery
 t - an amulet of the acrobat (around neck)
 L - a ring of flight
 S - a +6 ring of strength (left hand)
 T - a +4 ring of protection (right hand)
Wands
 B - a wand of mindburst (18)
Scrolls
 d - a scroll of summoning {unknown}
 e - 3 scrolls of enchant armour {unknown}
 f - a scroll of amnesia {unknown}
 i - a scroll of silence {unknown}
 k - a scroll of immolation {unknown}
 l - 3 scrolls of fog {unknown}
 n - 3 scrolls of identify {unknown}
 r - a scroll of magic mapping {unknown}
 s - a scroll of teleportation {unknown}
 w - a scroll of noise {unknown}
 z - a scroll of torment {unknown}
 A - a scroll of vulnerability {unknown}
Potions
 c - 3 potions of might {unknown}
 g - 3 potions of degeneration {unknown}
 m - 2 potions of attraction {unknown}
 o - 2 potions of flight {unknown}
 p - 2 potions of brilliance {unknown}
 q - 3 potions of curing {unknown}
 u - 3 potions of mutation {unknown}
 v - a potion of heal wounds {unknown}

Dungeon Overview and Level Annotations

Branches:
Dungeon (7/15)             Temple (0/1) D:5          Bailey (1/1)

Shops:
D:6 :

Annotations:
D:4 3 runed translucent doors, sirJeffrey23's ghost, amateur DsFi
D:6 1 runed translucent door, Crazy Yiuf

▒ ▒▒▒▒▒▒ ▒▒▒▒≈
▒†...▒▒
≈≈≈≈~~▒.....▒▒
~~~†.†'..▒...▒
....†✱▒..▒.†.▒
..~≈≈ ▒..▒▒..▒
.~≈▒▒▒▒▒▒▒...▒ ~F
▒....)p.▒▒▒▒▒ ~
▒.....@▒▒...▒▒
▒▒'▒.).['[.∩..▒
▒▒▒..▒▒▒▒▒▒)....▒
▒▒▒....▒▒~~~'..∩..▒
▒......▒~~~~▒▒...▒▒
▒▒.....'~~~~~▒▒▒▒▒
▒▒....▒~~~~~▒
▒▒...▒▒~~~▒▒
▒▒▒▒▒▒▒▒▒▒


You could see a vault guard (fast).


Message History

You are magically locked in place.
Prince Ribbit hits you!
The vault guard hits you with a +0 broad axe!
* * * LOW HITPOINT WARNING * * *
Prince Ribbit blinks!
Unknown command.
Casting: Iskenderun's Mystic Blast (dangerous; 4% risk of failure)
Confirm with . or Enter, or press ? or * to list all spells.
You erupt in a blast of force!
The mystic blast hits the vault guard.
The vault guard is lightly wounded.
The vault guard is knocked back by the mystic blast.
The vault guard collides with Prince Ribbit!
Prince Ribbit is severely wounded.
You are no longer locked in place.
Unknown command.
Casting: Iskenderun's Mystic Blast (dangerous; 4% risk of failure)
Confirm with . or Enter, or press ? or * to list all spells.
You erupt in a blast of force!
The mystic blast hits Prince Ribbit!
You kill Prince Ribbit!
Prince Ribbit returns to his original shape as he dies.
The mystic blast hits the vault guard!
The vault guard is lightly wounded.
The vault guard is knocked back by the mystic blast.
Your Conjurations skill increases to level 7!
Things that are here:
a +0 hand axe; a bullfrog corpse; a hobgoblin skeleton You open the door.
The vault guard hits you with a +0 broad axe!!
* * * LOW HITPOINT WARNING * * *
The vault guard hits you with a +0 broad axe!!
You die...

Skill      XL: |  1  2  3  4  5  6  7  8  9 |
---------------+----------------------------+-----
Spellcasting   | 2 3 |  3.0
Conjurations   | 4 5 6 7 |  7.3
Hexes          | 1 2 3 5 6 |  6.0
Translocations | 1 4 6 |  6.0
Evocations     | 3 |  3.0
Fighting       | 2 |  2.0
Dodging        | |  1.7
Stealth        | |  1.7

Action                   |  1- 3 |  4- 6 |  7- 9 || total
-------------------------+-------+-------+-------++-------
Melee: Unarmed           |     5 |       |       ||     5
       Dagger            |       |     1 |    36 ||    37
       Punch             |       |       |     1 ||     1
Throw: Dart              |     2 |       |       ||     2
 Cast: Magic Dart        |    90 |    58 |    64 ||   212
       Searing Ray       |     1 |    18 |     8 ||    27
       Fulminant Prism   |       |     2 |    18 ||    20
       Iskenderun's Myst |       |       |     4 ||     4
Evoke: Wand              |       |       |     3 ||     3
  Use: Potion            |       |       |     1 ||     1
Armor: Robe              |     7 |     2 |    12 ||    21
Dodge: Dodged            |    26 |    11 |    47 ||    84

Levels and vault maps discovered:
D:1:      minmay_arrival_radiant_lines, layout_loops_cross,
          corexii_item_surrounded_by_moat
D:2:      layout_basic
D:3:      minmay_spotlight, layout_loops_ring
D:4:      layout_basic, nicolae_yredelemnul_ghost_church
D:5:      minmay_recursive_quarters, layout_rooms, mainiacjoe_overflow_alcove_1,
          minmay_temple_entry_nine_rooms, nrook_mini_vaults
D:6:      layout_basic, makhleb_altar_promises_db, serial_shops,
          nicolae_shop_hallway_stairs, uniq_maggie, uniq_crazy_yiuf_cottage
D:7:      layout_basic, enter_bailey_2
Bailey:   bailey_axe_froggy_fort_hellmonk, bailey

Notes
Turn   | Place    | Note
-------+----------+-------------------------------------------
     0 | D:1      | Jackthecabe the Demigod Conjurer began the quest for the
                  | Orb.
     0 | D:1      | Reached XP level 1. HP: 14/14 MP: 5/5
    84 | D:1      | Reached skill level 2 in Spellcasting
   257 | D:1      | Reached XP level 2. HP: 20/20 MP: 2/7
   391 | D:1      | Reached skill level 4 in Conjurations
   394 | D:1      | Learned a level 2 spell: Searing Ray
   902 | D:1      | Reached XP level 3. HP: 26/26 MP: 6/9
  2049 | D:2      | Reached skill level 3 in Spellcasting
  2049 | D:2      | Reached XP level 4. HP: 33/33 MP: 9/11
  2112 | D:2      | Learned a level 4 spell: Fulminant Prism
  2632 | D:3      | Reached skill level 1 in Hexes
  3374 | D:4      | Noticed an ogre
  3532 | D:4      | Reached XP level 5. HP: 38/38 MP: 7/12
  3581 | D:4      | Reached skill level 5 in Conjurations
  3753 | D:4      | Reached skill level 2 in Hexes
  3841 | D:4      | Killed an ogre
  4100 | D:4      | Reached XP level 6. HP: 45/45 MP: 7/13
  4363 | D:4      | Found a runed translucent gate.
  4363 | D:4      | Found a runed translucent gate.
  4363 | D:4      | Found a runed translucent gate.
  4363 | D:4      | Noticed sirJeffrey23's ghost (amateur DsFi)
  4516 | D:4      | Reached skill level 3 in Hexes
  4775 | D:5      | Entered Level 5 of the Dungeon
  4869 | D:5      | Learned a level 4 spell: Iskenderun's Mystic Blast
  4951 | D:5      | Reached skill level 6 in Conjurations
  4951 | D:5      | Reached skill level 1 in Translocations
  5158 | D:5      | Reached XP level 7. HP: 26/50 MP: 4/14
  5163 | D:5      | Reached skill level 4 in Hexes
  5207 | D:5      | Reached skill level 2 in Translocations
  5697 | D:5      | Reached skill level 3 in Translocations
  5953 | D:5      | Reached skill level 5 in Hexes
  6261 | D:5      | Found a staircase to the Ecumenical Temple.
  6484 | D:6      | Found a runed translucent door.
  6485 | D:6      | Noticed Crazy Yiuf
  6691 | D:6      | Found Acoe's Book Shoppe.
  6697 | D:6      | Reached skill level 4 in Translocations
  6736 | D:6      | Reached XP level 8. HP: 57/57 MP: 11/15
  7388 | D:7      | Reached skill level 6 in Hexes
  7388 | D:7      | Reached skill level 5 in Translocations
  7509 | D:7      | Found a flagged portal.
  7519 | Bailey   | Entered a bailey
  7604 | Bailey   | Reached skill level 6 in Translocations
  7604 | Bailey   | Reached skill level 1 in Evocations
  7615 | Bailey   | Reached skill level 2 in Evocations
  7615 | Bailey   | Reached skill level 1 in Fighting
  7727 | Bailey   | Reached skill level 2 in Fighting
  7728 | Bailey   | Reached skill level 3 in Evocations
  7740 | Bailey   | Reached XP level 9. HP: 45/67 MP: 5/16
  7837 | Bailey   | Noticed a vault guard
  7839 | Bailey   | Noticed Prince Ribbit
  7853 | Bailey   | Killed Prince Ribbit
  7854 | Bailey   | Reached skill level 7 in Conjurations
  7856 | Bailey   | Demolished by a vault guard

Vanquished Creatures
  Prince Ribbit (Bailey)
  2 humans (Bailey)
  A steam dragon (D:7)
  2 ice beasts (D:5)
  A black bear (D:5)
  An ogre (D:4)
  A phantom (D:5)
  12 bullfrogs
  2 scorpions (D:5)
  2 howler monkeys
  2 jellies (D:5)
  A gnoll bouda (D:6)
  3 orc priests
  2 hounds (D:5)
  2 iguanas (D:4)
  2 orc wizards
  A howler monkey zombie (D:4)
  12 adders
  11 gnolls
  An ufetubus (D:7)
  An adder zombie (D:4)
  A dart slug (D:1)
  13 orcs
  9 ball pythons
  10 endoplasms
  2 giant cockroaches
  8 goblins
  10 hobgoblins
  10 kobolds
  4 quokkas
  5 bats
  6 frilled lizards
  7 rats
148 creatures vanquished.

Vanquished Creatures (others)
  20 fulminant prisms
20 creatures vanquished.

Grand Total: 168 creatures vanquished

Table legend: (Time is in decaauts)
 A = Elapsed time spent in this place.
 B = Non-inter-level travel time spent in this place.
 C = Inter-level travel time spent in this place.
 D = Time resting spent in this place.
 E = Time spent auto-exploring this place.
 F = Levels seen in this place.
 G = Mean time per level.
                   A        B        C        D        E       F      G
               +--------+--------+--------+--------+--------+-----+--------+
         Total |   7847 |   7528 |    319 |    370 |   6097 |   8 |  980.9 |
       Dungeon |   7514 |   7195 |    319 |    183 |   6030 |   7 | 1073.4 |
        Bailey |    333 |    333 |      0 |    187 |     67 |   1 |  333.0 |
               +--------+--------+--------+--------+--------+-----+--------+

Top non-repeatable levels by time:
     D:5: 1525 daAuts
     D:4: 1367 daAuts
     D:2: 1268 daAuts
     D:1: 1253 daAuts
     D:3: 942 daAuts
     D:6: 860 daAuts
  Bailey: 333 daAuts
     D:7: 297 daAuts

Table legend:
 A = Non-vault XP
 B = Vault XP
 C = Vault XP percentage of total XP
 D = Non-vault monster count
 E = Vault monster count
 F = Vault count percentage of total count
                 A         B        C        D         E       F
            +---------+---------+-------+---------+---------+-------
      Total |    1843 |    1954 |  51.5 |     112 |      36 |  24.3
            +---------+---------+-------+---------+---------+-------
        D:1 |      56 |       0 |   0.0 |      34 |       0 |   0.0
        D:2 |      76 |       0 |   0.0 |      19 |       0 |   0.0
        D:3 |      37 |      32 |  46.4 |       8 |       5 |  38.5
        D:4 |     300 |      22 |   6.8 |      19 |       2 |   9.5
        D:5 |     760 |     292 |  27.8 |      18 |       8 |  30.8
        D:6 |     190 |       0 |   0.0 |       9 |       0 |   0.0
        D:7 |     424 |       0 |   0.0 |       5 |       0 |   0.0
     Bailey |       0 |    1608 | 100.0 |       0 |      21 | 100.0
            +---------+---------+-------+---------+---------+-------
